A- EAST
DELMARVA SHOREBIRDS @ COLUMBIA FIREFLIES
07/15/2042
 
TOP OF THE 1ST
Delmarva Shorebirds batting - Pitching for Columbia Fireflies : LHP Tommy Ramos
Pitching: LHP Tommy Ramos
Batting: RHB Pepe Pueblo 0-0: Called Strike
0-1: Ball
1-1: Ground out 5-3 (Groundball, 56S, EV 67.5 MPH)
Batting: RHB Pat Pallister 0-0: Called Strike
0-1: Ball
1-1: Foul Ball, location: 23FF
1-2: Ball
2-2: Strikes out swinging, 2-3 out at first.
Batting: RHB Jerry Elmore 0-0: Called Strike
0-1: Hit by Pitch
Batting: LHB Tim Rogers 0-0: Fly out, F6 (Popup, 6, EV 63.1 MPH)
Top of the 1st over - 0 runs, 0 hits, 0 errors, 1 left on base; Delmarva 0 - Columbia 0
BOTTOM OF THE 1ST
Columbia Fireflies batting - Pitching for Delmarva Shorebirds : RHP Duane Mitchell
Pitching: RHP Duane Mitchell
Batting: LHB Luis Ramos 0-0: Ground out 4-3 (Groundball, 4, EV 82.5 MPH)
Batting: RHB Sancho Hernández 0-0: Ball
1-0: Called Strike
1-1: Foul Ball, location: 7LSF
1-2: Ball
2-2: Strikes out looking
Batting: LHB Devin Henderson 0-0: Called Strike
0-1: Ground out 5-3 (Groundball, 56, EV 99.4 MPH)
Bottom of the 1st over - 0 runs, 0 hits, 0 errors, 0 left on base; Delmarva 0 - Columbia 0
TOP OF THE 2ND
Delmarva Shorebirds batting - Pitching for Columbia Fireflies : LHP Tommy Ramos
Batting: RHB Chris Jackson 0-0: Called Strike
0-1: Ball
1-1: Swinging Strike
1-2: Ball
2-2: Strikes out looking
Batting: RHB Jesús Martínez 0-0: Ground out 6-3 (Groundball, 6, EV 85.0 MPH)
Batting: RHB Luis Ramos 0-0: Swinging Strike
0-1: Called Strike
0-2: Ball
1-2: Strikes out swinging, 2-3 out at first.
Top of the 2nd over - 0 runs, 0 hits, 0 errors, 0 left on base; Delmarva 0 - Columbia 0
BOTTOM OF THE 2ND
Columbia Fireflies batting - Pitching for Delmarva Shorebirds : RHP Duane Mitchell
Batting: LHB Isaac Vargas 0-0: Ball
1-0: Ground out 4-3 (Groundball, 4MD, EV 94.4 MPH)
Batting: RHB Ed Compton 0-0: Ball
1-0: Ball
2-0: Foul Ball, location: 2F
2-1: Foul Ball, location: 7LDF
2-2: Ball
3-2: Foul Ball, location: 5DF
3-2: Foul Ball, location: 2F
3-2: Base on Balls
Batting: LHB Jon Márquez 0-0: Called Strike
0-1: Ball
1-1: Foul Ball, location: 2F
1-2: Fly out, F8 (Flyball, 8LS, EV 90.0 MPH)
Batting: RHB António Sánchez 0-0: Ball
1-0: Called Strike
1-1: Ball
2-1: Swinging Strike
2-2: Ground out 6-3 (Groundball, P, EV 83.8 MPH)
Bottom of the 2nd over - 0 runs, 0 hits, 0 errors, 1 left on base; Delmarva 0 - Columbia 0
TOP OF THE 3RD
Delmarva Shorebirds batting - Pitching for Columbia Fireflies : LHP Tommy Ramos
Batting: RHB Cristo Ortega 0-0: Ball
1-0: Swinging Strike
1-1: Foul Ball, location: 3F
1-2: Ball
2-2: Foul Ball, location: 2F
2-2: Foul Ball, location: 9LSF
2-2: Strikes out swinging
Batting: RHB Cam Johnston 0-0: Ball
1-0: Ball
2-0: Ball
3-0: Base on Balls
Batting: RHB Pepe Pueblo 0-0: Ball
1-0: Ball
2-0: Foul Ball, location: 2F
2-1: Foul Ball, location: 9LSF
2-2: Ball
3-2: Strikes out swinging
Batting: RHB Pat Pallister 0-0: Ball
1-0: Ball
2-0: Ball
3-0: Called Strike
3-1: Foul Ball, location: 2F
3-2: Strikes out swinging
Top of the 3rd over - 0 runs, 0 hits, 0 errors, 1 left on base; Delmarva 0 - Columbia 0
BOTTOM OF THE 3RD
Columbia Fireflies batting - Pitching for Delmarva Shorebirds : RHP Duane Mitchell
Batting: RHB Jean-Sébastien Petit 0-0: Ball
1-0: Called Strike
1-1: Swinging Strike
1-2: Ball
2-2: Strikes out swinging
Batting: RHB Ron Shaw 0-0: Ball
1-0: Foul Ball, location: 23F
1-1: Ball
2-1: Fly out, F5 (Popup, 25, EV 90.6 MPH)
Batting: LHB Luis Ramos 0-0: Swinging Strike
0-1: Foul Ball, location: 2F
0-2: Strikes out swinging
Bottom of the 3rd over - 0 runs, 0 hits, 0 errors, 0 left on base; Delmarva 0 - Columbia 0
TOP OF THE 4TH
Delmarva Shorebirds batting - Pitching for Columbia Fireflies : LHP Tommy Ramos
Batting: RHB Jerry Elmore 0-0: Ball
1-0: Called Strike
1-1: Foul Ball, location: 9LSF
1-2: Ball
2-2: Strikes out swinging
Batting: LHB Tim Rogers 0-0: Ball
1-0: Called Strike
1-1: Foul Ball, location: 9LMFF
1-2: Ball
2-2: Ball
3-2: Foul Ball, location: 2F
3-2: DOUBLE (Flyball, 9D, EV 101.3 MPH)
Batting: RHB Chris Jackson 0-0: Ball
1-0: Swinging Strike
1-1: Swinging Strike
1-2: Ball
2-2: Strikes out swinging
Batting: RHB Jesús Martínez 0-0: Ball
1-0: Ball
2-0: Called Strike
2-1: Called Strike
2-2: Strikes out looking
Top of the 4th over - 0 runs, 1 hit, 0 errors, 1 left on base; Delmarva 0 - Columbia 0
BOTTOM OF THE 4TH
Columbia Fireflies batting - Pitching for Delmarva Shorebirds : RHP Duane Mitchell
Batting: RHB Sancho Hernández 0-0: Called Strike
0-1: Foul Ball, location: 7LMF
0-2: Strikes out swinging
Batting: LHB Devin Henderson 0-0: Foul Ball, location: 23FF
0-1: Fly out, F7 (Line Drive, 78M, EV 105.0 MPH)
Batting: LHB Isaac Vargas 0-0: Called Strike
0-1: Ball
1-1: Ball
2-1: Foul Ball, location: 2RF
2-2: Ball
3-2: Foul Ball, location: 23F
3-2: Base on Balls
Batting: RHB Ed Compton 0-0: Ball
1-0: Called Strike
1-1: Fly out, F7 (Flyball, 7LM, EV 82.5 MPH)
Bottom of the 4th over - 0 runs, 0 hits, 0 errors, 1 left on base; Delmarva 0 - Columbia 0
TOP OF THE 5TH
Delmarva Shorebirds batting - Pitching for Columbia Fireflies : LHP Tommy Ramos
Batting: RHB Luis Ramos 0-0: Called Strike
0-1: Ball
1-1: Ball
2-1: SOLO HOME RUN (Flyball, 78XD, EV 108.1 MPH), Distance : 415 ft
Batting: RHB Cristo Ortega 0-0: Ball
1-0: Ball
2-0: Called Strike
2-1: Ball
3-1: Called Strike
3-2: Foul Ball, location: 9LSF
3-2: Strikes out swinging
Batting: RHB Cam Johnston 0-0: Ball
1-0: Called Strike
1-1: Fly out, F4 (Popup, 4, EV 71.9 MPH)
Batting: RHB Pepe Pueblo 0-0: Foul Ball, location: 2F
0-1: Called Strike
0-2: Strikes out swinging
Top of the 5th over - 1 run, 1 hit, 0 errors, 0 left on base; Delmarva 1 - Columbia 0
BOTTOM OF THE 5TH
Columbia Fireflies batting - Pitching for Delmarva Shorebirds : RHP Duane Mitchell
Batting: LHB Jon Márquez 0-0: Ball
1-0: Called Strike
1-1: SINGLE (Groundball, 25, EV 67.5 MPH) (infield hit)
Batting: RHB António Sánchez 0-0: Sac Bunt to 2R - play at first, batter OUT! 2-3
Jon Márquez to second
Batting: RHB Jean-Sébastien Petit 0-0: Ball
1-0: Called Strike
1-1: Ball
2-1: Foul Ball, location: 3SF
2-2: Foul Ball, location: 5F
2-2: Foul Ball, location: 9LMF
2-2: Foul Ball, location: 5FF
2-2: Foul Ball, location: 9LMF
2-2: Ground out 6-3 (Groundball, 56, EV 103.8 MPH)
Batting: RHB Ron Shaw 0-0: Called Strike
0-1: Ball
1-1: Hit by Pitch
Batting: LHB Luis Ramos 0-0: Called Strike
0-1: Foul Ball, location: 7LSF
0-2: SINGLE (Line Drive, 56D, EV 100.0 MPH)
Jon Márquez to third
Ron Shaw to second
Runner from 3rd tries for Home, SAFE, throw by LF to home
Batting: RHB Sancho Hernández 0-0: Called Strike
0-1: Fly out, F8 (Flyball, 8RM, EV 83.8 MPH)
Bottom of the 5th over - 1 run, 2 hits, 0 errors, 2 left on base; Delmarva 1 - Columbia 1
TOP OF THE 6TH
Delmarva Shorebirds batting - Pitching for Columbia Fireflies : LHP Tommy Ramos
Batting: RHB Pat Pallister 0-0: Called Strike
0-1: Ball
1-1: Foul Ball, location: 9LDF
1-2: Strikes out swinging
Batting: RHB Jerry Elmore 0-0: Called Strike
0-1: Ball
1-1: Ball
2-1: Swinging Strike
2-2: Strikes out looking
Batting: LHB Tim Rogers 0-0: Ball
1-0: Ball
2-0: Foul Ball, location: 2F
2-1: Called Strike
2-2: Strikes out swinging
Top of the 6th over - 0 runs, 0 hits, 0 errors, 0 left on base; Delmarva 1 - Columbia 1
BOTTOM OF THE 6TH
Columbia Fireflies batting - Pitching for Delmarva Shorebirds : RHP Duane Mitchell
Batting: LHB Devin Henderson 0-0: Ground out 6-3 (Groundball, 6, EV 91.3 MPH)
Batting: LHB Isaac Vargas 0-0: Called Strike
0-1: Ball
1-1: Called Strike
1-2: Ball
2-2: Ball
3-2: Fly out, F8 (Flyball, 8LD, EV 105.0 MPH)
Batting: RHB Ed Compton 0-0: Ground out 6-3 (Groundball, 6, EV 88.8 MPH)
Bottom of the 6th over - 0 runs, 0 hits, 0 errors, 0 left on base; Delmarva 1 - Columbia 1
TOP OF THE 7TH
Delmarva Shorebirds batting - Pitching for Columbia Fireflies : LHP Tommy Ramos
Batting: RHB Chris Jackson 0-0: Ball
1-0: Ball
2-0: Ball
3-0: Called Strike
3-1: Foul Ball, location: 3SF
3-2: Foul Ball, location: 2F
3-2: Foul Ball, location: 7LMFF
3-2: Fly out, F8 (Flyball, 8LD, EV 110.0 MPH)
Batting: RHB Jesús Martínez 0-0: Ball
1-0: Ball
2-0: Swinging Strike
2-1: Swinging Strike
2-2: Foul Ball, location: 2RF
2-2: Foul Ball, location: 23F
2-2: Ball
3-2: Strikes out swinging
Pitching: RHP Jeremy Hart
Batting: RHB Luis Ramos 0-0: Ball
1-0: Ball
2-0: Called Strike
2-1: Called Strike
2-2: Strikes out swinging
Top of the 7th over - 0 runs, 0 hits, 0 errors, 0 left on base; Delmarva 1 - Columbia 1
BOTTOM OF THE 7TH
Columbia Fireflies batting - Pitching for Delmarva Shorebirds : RHP Duane Mitchell
Batting: LHB Jon Márquez 0-0: Ground out 6-3 (Groundball, 6M, EV 90.6 MPH)
Batting: RHB António Sánchez 0-0: Ball
1-0: Ball
2-0: Called Strike
2-1: Ground out 5-3 (Groundball, 56S, EV 78.1 MPH)
Batting: RHB Jean-Sébastien Petit 0-0: Foul Ball, location: 25F
0-1: Ball
1-1: DOUBLE (Flyball, 8RXD, EV 105.0 MPH)
Pitching: RHP Cristóbal Caraballo
Batting: RHB Ron Shaw 0-0: Ball
1-0: Called Strike
1-1: Ground out 6-3 (Groundball, 6, EV 99.4 MPH)
Bottom of the 7th over - 0 runs, 1 hit, 0 errors, 1 left on base; Delmarva 1 - Columbia 1
TOP OF THE 8TH
Delmarva Shorebirds batting - Pitching for Columbia Fireflies : RHP Jeremy Hart
Pinch Hitting: RHB Walt Baker 0-0: Ball
1-0: Ball
2-0: Ball
3-0: Base on Balls
Pinch Hitting: LHB Andy Coleman 0-0: Ball
1-0: Ball
2-0: Grounds into double play, 4-6-3 (Groundball, 4, EV 89.4 MPH)
Batting: RHB Pepe Pueblo 0-0: Ball
1-0: Ball
2-0: Called Strike
2-1: Ball
3-1: Base on Balls
Batting: RHB Pat Pallister 0-0: Called Strike
Pepe Pueblo steals 2nd base
0-1: Foul Ball, location: 2F
0-2: Ball
1-2: Ball
2-2: Ball
3-2: Foul Ball, location: 5F
3-2: Base on Balls
Pinch Hitting: SHB Mike Johnston 0-0: Swinging Strike
0-1: Ball
1-1: Fly out, F8 (Flyball, 78M, EV 84.4 MPH)
Top of the 8th over - 0 runs, 0 hits, 0 errors, 2 left on base; Delmarva 1 - Columbia 1
BOTTOM OF THE 8TH
Columbia Fireflies batting - Pitching for Delmarva Shorebirds : RHP Cristóbal Caraballo
Now at C: Jesús Alicea
Now at SS: Juan Solís
Now in RF: Andy Coleman
Batting: LHB Luis Ramos 0-0: Fly out, F5 (Line Drive, 5, EV 67.5 MPH)
Pinch Hitting: LHB Juan Luis Guevara 0-0: Ball
1-0: Ball
2-0: Reached on error, E3 (Groundball, 3, EV 103.1 MPH)
Batting: LHB Devin Henderson 0-0: Called Strike
0-1: Ball
1-1: Ball
2-1: Called Strike
2-2: Ball
3-2: SINGLE (Line Drive, 7S, EV 107.5 MPH)
Juan Luis Guevara to second
Pitching: LHP Juan Rodríguez
Pinch Hitting: RHB Edgardo Ortíz 0-0: Swinging Strike
0-1: Fly out, F8 (Flyball, 89D, EV 104.4 MPH)
Batting: RHB Ed Compton 0-0: Called Strike
0-1: Called Strike
0-2: Strikes out swinging
Bottom of the 8th over - 0 runs, 1 hit, 1 error, 2 left on base; Delmarva 1 - Columbia 1
TOP OF THE 9TH
Delmarva Shorebirds batting - Pitching for Columbia Fireflies : RHP Jeremy Hart
Pitching: RHP Edgardo Ayala
Now in LF: David Aguirre
Now in CF: Tony Owens
Batting: LHB Tim Rogers 0-0: Called Strike
0-1: Ground out 6-3 (Groundball, 6, EV 87.5 MPH)
Pinch Hitting: LHB Greg Ricks 0-0: Foul Ball, location: 2F
0-1: Ground out 4-3 (Groundball, 4, EV 87.5 MPH)
Batting: RHB Jesús Martínez 0-0: Called Strike
0-1: Called Strike
0-2: Foul Ball, location: 3SF
0-2: Strikes out looking
Top of the 9th over - 0 runs, 0 hits, 0 errors, 0 left on base; Delmarva 1 - Columbia 1
BOTTOM OF THE 9TH
Columbia Fireflies batting - Pitching for Delmarva Shorebirds : LHP Juan Rodríguez
Pitching: RHP Dan MacKnight
Now at 1B: Mauro Castro
Batting: LHB Ken Phillips 0-0: Called Strike
0-1: Ball
1-1: Ground out 4-3 (Groundball, 4, EV 94.4 MPH)
Pinch Hitting: SHB Bob O'Mullan 0-0: Called Strike
0-1: Ball
1-1: Foul Ball, location: 2F
1-2: Ball
2-2: Fly out, F6 (Popup, 56, EV 68.1 MPH)
Pinch Hitting: LHB António Martínez 0-0: Ball
1-0: Swinging Strike
1-1: Ball
2-1: Swinging Strike
2-2: Foul Ball, location: 2F
2-2: Fly out, F9 (Flyball, 89S, EV 90.6 MPH)
Bottom of the 9th over - 0 runs, 0 hits, 0 errors, 0 left on base; Delmarva 1 - Columbia 1
TOP OF THE 10TH
Delmarva Shorebirds batting - Pitching for Columbia Fireflies : RHP Edgardo Ayala
Now at 1B: Bob O'Mullan
Now at SS: Jorge Morín
Batting: RHB Luis Ramos 0-0: SINGLE (Flyball, 89S, EV 89.4 MPH)
Batting: RHB Juan Solís 0-0: Ball
1-0: Sac Bunt to P - play at first, batter OUT! 1-3
Luis Ramos to second
Batting: LHB Andy Coleman 0-0: Intentional Walk
Batting: RHB Pepe Pueblo 0-0: Ball
1-0: Ball
2-0: Foul Ball, location: 2F
2-1: Swinging Strike
2-2: Strikes out looking
Batting: RHB Pat Pallister 0-0: Ball
1-0: Ball
2-0: SINGLE (Groundball, 6D, EV 102.5 MPH)
Luis Ramos to third
Andy Coleman to second
Runner from 3rd tries for Home, SAFE, throw by LF to home
Pinch Hitting: RHB Ron Lee 0-0: Called Strike
0-1: SINGLE (Groundball, 6MS, EV 85.6 MPH) (infield hit)
Andy Coleman to third
Pat Pallister to second
Batting: LHB Tim Rogers 0-0: Ball
1-0: GRAND SLAM HOME RUN (Flyball, 78XD, EV 99.4 MPH), Distance : 396 ft
Pitching: RHP Jesús Nieves
Batting: LHB Mauro Castro 0-0: Called Strike
0-1: Ball
1-1: Swinging Strike
1-2: Ball
2-2: Fly out, F8 (Flyball, 8RM, EV 85.0 MPH)
Top of the 10th over - 5 runs, 4 hits, 0 errors, 0 left on base; Delmarva 6 - Columbia 1
BOTTOM OF THE 10TH
Columbia Fireflies batting - Pitching for Delmarva Shorebirds : RHP Dan MacKnight
Now at C: Max Hardin
Pinch Hitting: RHB Miles Dubbeldam 0-0: Called Strike
0-1: Ground out 5-3 (Groundball, 56, EV 89.4 MPH)
Batting: LHB Luis Ramos 0-0: Foul Ball, location: 7LMF
0-1: Swinging Strike
0-2: Foul Ball, location: 3F
0-2: Foul Ball, location: 2F
0-2: Ball
1-2: Strikes out swinging
Batting: RHB David Aguirre 0-0: Swinging Strike
0-1: Swinging Strike
0-2: Strikes out swinging
Bottom of the 10th over - 0 runs, 0 hits, 0 errors, 0 left on base; Delmarva 6 - Columbia 1
Friday, May 17th , 2024 - OOTP Baseball 24.10 Build 82